Map: King's Cove LE

Players

BigBadAzza

  • Race: Protoss Protoss
  • League: Bronze
  • Spawn Location: 11:00

TiPtOP - Winner!

  • Race: Terran Terran
  • League: Silver
  • Spawn Location: 5:00

VOD

Have the link to the VOD?

Description

Time

  • Played on: May 10, 2019, 3:02 a.m.
  • Length: 14:23
Show
View Real Time Build Order
Export as new Build Order

BigBadAzza Protoss 

Build Orders:  

Get SALT Encoding   

  12  1:07  Nexus  
  12  1:10  Pylon  
  12  1:20  Pylon  
  12  1:24  Pylon  
  12  1:37  Forge  
  12  1:46  Assimilator  
  12  1:48  Assimilator  
  12  2:15  Photon Cannon  
  12  2:17  Photon Cannon  
  12  2:22  Photon Cannon  
  12  2:35  Photon Cannon  
  12  2:37  Probe  
  13  2:45  Probe  
  14  2:53  Probe  
  15  3:01  Probe  
  16  3:05  Probe  
  16  3:11  Probe  
  17  3:13  Probe  
  19  3:23  Probe  
  19  3:25  Probe  
  21  3:33  Assimilator  
  21  3:35  Probe  
  21  3:37  Probe, Assimilator  
  23  3:43  Pylon  
  23  3:49  Probe  
  23  3:51  Pylon  
  24  3:59  Pylon  
  24  4:01  Probe  
  25  4:04  Pylon  
  25  4:09  Pylon  
  25  4:14  Pylon  
  25  4:18  Pylon  
  25  4:22  Pylon  
  25  4:26  Pylon  
  25  4:28  Probe  
  25  4:36  Probe  
  25  4:38  Probe  
  28  4:46  Probe x2  
  30  4:54  Photon Cannon  
  30  4:55  Probe  
  30  4:56  Photon Cannon  
  30  4:58  Probe  
  32  5:03  Photon Cannon  
  33  5:07  Probe  
  33  5:10  Probe  
  33  5:11  Photon Cannon  
  34  5:19  Photon Cannon  
  34  5:20  Probe  
  34  5:28  Probe  
  36  5:38  Probe  
  38  5:50  Probe  
  38  6:02  Probe  
  39  6:37  Gateway  
  39  6:57  Nexus  
  39  6:59  Assimilator  
  39  7:01  Assimilator  
  39  7:04  Pylon  
  39  7:13  Pylon  
  39  7:17  Pylon  
  39  7:22  Pylon  
  39  7:26  Pylon  
  39  7:29  Pylon  
  39  7:32  Pylon  
  39  7:36  Pylon  
  39  7:43  Photon Cannon  
  39  7:45  Photon Cannon  
  39  7:48  Photon Cannon  
  39  7:51  Photon Cannon  
  39  7:53  Photon Cannon  
  39  7:57  Photon Cannon  
  39  8:00  Photon Cannon  
  39  8:02  Photon Cannon  
  39  8:06  Photon Cannon  
  39  8:08  Photon Cannon  
  39  8:14  Photon Cannon  
  39  8:17  Photon Cannon  
  39  8:18  Photon Cannon  
  39  8:22  Photon Cannon  
  39  8:30  Nexus  
  39  8:32  Assimilator  
  39  8:36  Assimilator  
  39  8:38  Pylon  
  39  8:44  Pylon  
  38  9:05  Cybernetics Core  
  38  9:09  Photon Cannon  
  33  9:14  Photon Cannon  
  26  9:28  Photon Cannon  
  26  9:30  Photon Cannon  
  25  9:33  Photon Cannon  
  25  9:35  Photon Cannon  
  25  9:36  Photon Cannon  
  20  9:51  Probe  
  17  9:59  Probe  
  6  10:15  Probe  
  6  10:23  Probe  
  5  10:33  Probe  
  6  10:43  Probe  
  6  10:49  Forge  
  4  10:51  Probe  
  5  11:00  Probe  
  6  11:08  Probe  
  6  11:16  Probe  
  8  11:30  Nexus  
  8  11:33  Probe  
  9  11:41  Probe  
  10  11:50  Probe  
  11  12:02  Probe  
  12  12:11  Gateway  
  11  12:49  Probe, Pylon  
  2  13:20  Probe  
  3  13:32  Probe  
  3  13:33  Gateway  
  4  13:35  Pylon  
  4  13:44  Probe  
  5  13:56  Probe  
  6  14:08  Probe  
Show
View Real Time Build Order
Export as new Build Order

TiPtOP Terran - Winner!

Build Orders:  

Get SALT Encoding   

  12  0:01  SCV  
  13  0:14  SCV  
  14  0:22  Supply Depot  
  14  0:26  SCV  
  15  0:44  SCV  
  15  0:47  Barracks  
  16  0:56  SCV  
  17  1:08  SCV  
  18  1:14  Refinery  
  18  1:22  SCV  
  19  1:35  Barracks, Orbital Command  
  19  1:52  Command Center  
  19  2:09  SCV  
  19  2:14  Barracks Reactor  
  20  2:23  SCV  
  20  2:27  Barracks Tech Lab  
  21  2:37  Supply Depot  
  21  2:38  SCV  
  22  2:49  Marine  
  23  2:58  Marine x2  
  23  3:04  SCV  
  26  3:12  Marine  
  27  3:15  Supply Depot  
  27  3:16  Stimpack, SCV, Marine  
  29  3:27  Barracks  
  29  3:28  SCV  
  29  3:30  SCV  
  31  3:40  SCV, Marine x3  
  35  3:44  Supply Depot  
  35  3:48  SCV  
  36  3:55  SCV  
  37  3:58  Marine x3  
  40  4:10  Factory  
  40  4:11  Refinery, SCV  
  40  4:12  SCV  
  40  4:14  Marine  
  40  4:15  Marine  
  40  4:16  Marine  
  45  4:22  Supply Depot  
  45  4:33  SCV  
  45  4:36  Marine x4  
  49  4:43  SCV  
  50  4:51  SCV  
  51  4:54  Marine x2  
  51  4:55  SCV  
  51  4:56  Supply Depot  
  51  4:59  Barracks Reactor  
  54  5:02  Factory Reactor  
  54  5:07  SCV  
  54  5:08  Starport  
  54  5:09  SCV  
  56  5:19  SCV  
  56  5:21  SCV, Marine x3  
  61  5:31  SCV  
  61  5:32  Supply Depot  
  61  5:33  SCV  
  63  5:39  Engineering Bay  
  63  5:41  Marine x3  
  63  5:42  Marine x2  
  68  5:47  SCV x2  
  70  5:54  Refinery  
  70  5:59  SCV  
  70  6:00  Supply Depot  
  71  6:16  Factory Tech Lab  
  71  6:19  Marine x5  
  71  6:22  Terran Infantry Weapons Level 1  
  71  6:23  Combat Shield  
  76  6:25  Medivac x2  
  80  6:37  Marine, Supply Depot  
  81  6:43  Command Center, Marine x3  
  81  6:44  Marine  
  81  6:46  Siege Tank  
  88  6:54  Marine  
  88  6:57  Refinery  
  88  6:58  Orbital Command  
  89  7:09  Liberator  
  89  7:17  Marine  
  89  7:18  Siege Tank  
  89  7:19  Marauder  
  89  7:20  Marine x3  
  101  7:37  Liberator  
  101  7:38  Supply Depot  
  101  7:55  Marauder  
  106  8:16  SCV x2  
  108  8:28  SCV  
  106  9:21  Terran Infantry Armor Level 1  
  103  9:26  Armory  
  103  9:29  Engineering Bay, SCV x2  
  103  9:30  SCV  
  97  9:31  Marine x2  
  97  9:32  Marine x2  
  101  9:41  SCV  
  99  10:09  Liberator x2  
  99  10:20  SCV x3  
  102  10:22  Marine, Marauder  
  102  10:23  Marine x3  
  102  10:24  Siege Tank  
  117  10:32  SCV  
  117  10:33  SCV x2  
  114  10:40  Marine  
  111  10:44  Marauder  
  113  10:56  Siege Tank  
  116  11:09  Medivac x2  
  117  12:21  Marine x3  
  117  12:22  Marine x2  
  113  12:38  SCV x3  
  113  12:39  Marine x5  
  121  12:50  SCV  
  122  12:57  Marine  
  121  13:50  Marine x4  
Tags
 
Add a new tag
Caveats
  • Supply blocks, unpowered buildings, or Contaminate may cause inaccurate times.
  • Supply counts are checked every 10 seconds.